[Event "Titled Tuesday Blitz June 13 Early 2023"]
[White "Arabidze, Meri"]
[Black "Elsa167"]
[WhiteFideId "13604040"]
[WhiteElo "2405"]
[BlackElo "2901"]
[Result "0-1"]
[Round "7"]
[TimeControl "180+2"]
[Date "2023.06.13"]
[WhiteClock "0:00:02"]
[BlackClock "0:01:04"]
[Board "25"]

1. d4 Nf6 2. c4 e6 3. Nf3 d5 4. Nc3 a6 5. cxd5 exd5 6. Bg5 Be6 7. e3 Nbd7 8. Bd3 Bd6 9. O-O c6 10. Bf4 Qc7 11. Bg3 Bxg3 12. hxg3 O-O 13. Rc1 Qd6 14. Qc2 Rfe8 15. a3 a5 16. Ne2 g6 17. Nf4 Bg4 18. Nh2 Kg7 19. Rce1 a4 20. Qd2 h5 21. Qc2 Nf8 22. Qc3 Ne6 23. f3 Nxf4 24. exf4 Bd7 25. Re5 Rec8 26. Rfe1 c5 27. Nf1 b5 28. dxc5 Qxc5+ 29. Qxc5 Rxc5 30. f5 g5 31. Ne3 Rac8 32. g4 d4 33. Rxc5 Rxc5 34. Nc2 hxg4 35. fxg4 Nxg4 36. Re4 Bxf5 37. Rxd4 Bxd3 38. Rxg4 Rxc2 39. Rxg5+ Kf6 40. Rd5 Bc4 0-1


[Site "https://www.chess.com"]

[Event "Titled Tuesday Blitz June 13 Early 2023"]
[White "Srihari L R"]
[Black "Gorovets, Andrey"]
[WhiteFideId "46617116"]
[BlackFideId "13504037"]
[WhiteElo "2334"]
[BlackElo "2459"]
[Result "0-1"]
[Round "7"]
[TimeControl "180+2"]
[Date "2023.06.13"]
[WhiteClock "0:00:05"]
[BlackClock "0:00:03"]
[Board "26"]

1. d4 Nf6 2. Bg5 d5 3. Nd2 c5 4. e3 cxd4 5. exd4 Nc6 6. Ngf3 Bg4 7. c3 Qc7 8. Be2 e6 9. Bh4 Bd6 10. Bg3 O-O-O 11. O-O Bxg3 12. fxg3 h5 13. Qe1 Kb8 14. Kh1 h4 15. Nxh4 Bxe2 16. Qxe2 Ne8 17. Qf2 Nd6 18. Rae1 Rdg8 19. Kg1 g5 20. Nhf3 g4 21. Ne5 Nxe5 22. dxe5 Nf5 23. Nb3 Rh5 24. Nd4 Rgh8 25. Nxf5 exf5 26. e6 Rxh2 27. Qe3 fxe6 28. Rf4 Rh1+ 29. Kf2 Rxe1 30. Kxe1 Rh1+ 31. Kf2 Qb6 32. Rd4 Qxb2+ 33. Rd2 Qb6 34. Rd4 a6 35. c4 Ka7 36. cxd5 e5 37. Rd2 Rf1+ 38. Kxf1 Qxe3 39. Rd1 f4 40. gxf4 exf4 41. d6 g3 42. d7 Qf2# 0-1


[Site "https://www.chess.com"]

[Event "Titled Tuesday Blitz June 13 Early 2023"]
[White "Timofeev, Artyom"]
[Black "Ingebretsen, Jens E"]
[WhiteFideId "4140419"]
[BlackFideId "1522965"]
[WhiteElo "2570"]
[BlackElo "2213"]
[Result "1/2-1/2"]
[Round "7"]
[TimeControl "180+2"]
[Date "2023.06.13"]
[WhiteClock "0:00:03"]
[BlackClock "0:00:04"]
[Board "27"]

1. c4 e5 2. d3 Nf6 3. Nf3 Nc6 4. Nc3 Bb4 5. Bd2 O-O 6. g3 d5 7. cxd5 Nxd5 8. Bg2 Bg4 9. O-O Nxc3 10. bxc3 Bd6 11. h3 Bh5 12. Rb1 Rb8 13. Ng5 h6 14. Ne4 f5 15. Nxd6 Qxd6 16. Kh2 Bf7 17. a4 Bd5 18. Bxd5+ Qxd5 19. Qb3 Qxb3 20. Rxb3 b6 21. Kg2 Kf7 22. Rb5 Ke6 23. f4 a6 24. Rbb1 e4 25. Be3 Rbd8 26. Rfd1 exd3 27. exd3 Rd7 28. Kf2 Rfd8 29. Ke2 Kf6 30. g4 Re8 31. Kf3 g5 32. d4 Na5 33. gxf5 Nc4 34. Bc1 Kxf5 35. fxg5 hxg5 36. Rg1 Rg7 37. Rb4 Nd6 38. c4 Rh8 39. c5 Ne4 40. cxb6 Rxh3+ 41. Ke2 cxb6 42. Rxb6 Rc7 43. Rf1+ Kg4 44. Rg1+ Kf5 45. Rf1+ Kg4 46. Rg1+ Rg3 47. Rxg3+ Nxg3+ 48. Kd1 Rd7 49. Rxa6 Rxd4+ 50. Kc2 Rc4+ 51. Kb2 Ne4 52. a5 Nc5 53. Ra8 Nd3+ 54. Kb3 Rxc1 55. a6 Nc5+ 56. Kb2 Nd3+ 57. Kb3 Ra1 58. Kc4 Nf4 59. Kb5 Nd5 60. Ra7 Kg3 61. Kc5 Nc3 62. Rg7 g4 63. a7 Kf3 64. Kc6 Ne4 65. Kb7 Nc5+ 66. Kb8 Na6+ 67. Kb7 Nc5+ 68. Kb8 Ne6 69. Rxg4 Kxg4 70. a8=Q Rxa8+ 71. Kxa8 1/2-1/2


[Site "https://www.chess.com"]

[Event "Titled Tuesday Blitz June 13 Early 2023"]
[White "Gontcharov, Vladislav"]
[Black "Yeletsky, Ivan"]
[WhiteFideId "4123492"]
[BlackFideId "24180327"]
[WhiteElo "2420"]
[BlackElo "2380"]
[Result "1-0"]
[Round "7"]
[TimeControl "180+2"]
[Date "2023.06.13"]
[WhiteClock "0:00:19"]
[BlackClock "0:00:00"]
[Board "28"]

1. d4 Nf6 2. c4 e6 3. Nc3 Bb4 4. e3 O-O 5. Bd3 d5 6. Nf3 c5 7. O-O dxc4 8. Bxc4 cxd4 9. exd4 b6 10. Bg5 Bb7 11. Ne5 Nc6 12. Nxc6 Bxc6 13. Qd3 h6 14. Bh4 Be7 15. Rfe1 Rc8 16. Rac1 Nd5 17. Bg3 Bg5 18. Rcd1 Nxc3 19. bxc3 Bb7 20. Bb3 Qd7 21. c4 Rfd8 22. d5 b5 23. Bc2 f5 24. dxe6 Qc6 25. Qf1 Rxd1 26. Rxd1 f4 27. h4 fxg3 28. hxg5 Qxe6 29. gxh6 Qxh6 30. fxg3 bxc4 31. Qf4 Qxf4 32. gxf4 Re8 33. Kf2 Kf7 34. Rd7+ Re7 35. Rxe7+ Kxe7 36. g4 Kd6 37. Ke3 Kc5 38. a3 Bc8 39. g5 Bd7 40. f5 Kd5 41. f6 gxf6 42. gxf6 Ke6 43. Bf5+ Kxf6 44. Bxd7 Ke5 45. Be8 Kd5 46. Bf7+ Kc5 47. Kd2 Kd4 48. Kc2 a6 49. Bg8 a5 50. Bf7 a4 51. Bg8 c3 52. Bf7 Kc5 53. Kxc3 1-0


[Site "https://www.chess.com"]

[Event "Titled Tuesday Blitz June 13 Early 2023"]
[White "Chigaev, Maksim"]
[Black "Fieberg, Samuel"]
[WhiteFideId "4108116"]
[BlackFideId "12901717"]
[WhiteElo "2561"]
[BlackElo "2577"]
[Result "1-0"]
[Round "7"]
[TimeControl "180+2"]
[Date "2023.06.13"]
[WhiteClock "0:01:59"]
[BlackClock "0:01:21"]
[Board "29"]

1. Nf3 d5 2. g3 c5 3. Bg2 Nc6 4. O-O e6 5. d4 cxd4 6. Nxd4 Bc5 7. Nb3 Bb6 8. Na3 Nf6 9. c4 O-O 10. Bf4 h6 11. Rc1 a6 12. cxd5 Nxd5 13. Nc4 Nxf4 14. gxf4 Bc7 15. Qxd8 Rxd8 16. e3 Nb4 17. a3 Nd5 18. Rfd1 b5 19. Ne5 Bxe5 20. fxe5 Bb7 21. Na5 Rab8 22. Nxb7 Rxb7 23. e4 Rbd7 24. exd5 exd5 25. Rd4 1-0


[Site "https://www.chess.com"]

[Event "Titled Tuesday Blitz June 13 Early 2023"]
[White "Hajiyev, Kanan"]
[Black "Krzyzanowski, Marcin"]
[WhiteFideId "13404148"]
[BlackFideId "1132199"]
[WhiteElo "2115"]
[BlackElo "2471"]
[Result "1-0"]
[Round "7"]
[TimeControl "180+2"]
[Date "2023.06.13"]
[WhiteClock "0:01:23"]
[BlackClock "0:00:00"]
[Board "30"]

1. d4 d5 2. c4 e6 3. cxd5 exd5 4. Nc3 c6 5. Qc2 Nf6 6. Nf3 Bd6 7. Bg5 O-O 8. e3 Re8 9. Bd3 h6 10. Bh4 Be6 11. Ne5 Nbd7 12. f4 Qb6 13. O-O Ng4 14. Rae1 Ngxe5 15. dxe5 Bc7 16. f5 Nxe5 17. fxe6 Rxe6 18. Bh7+ Kh8 19. Bf5 Ree8 20. Na4 Qa5 21. a3 Nc4 22. e4 b5 23. Nc3 d4 24. Nd1 Bb6 25. Kh1 Ne5 26. Bg3 d3 27. Qb3 Rad8 28. Bxe5 Rxe5 29. Qxf7 d2 30. Re2 Bd4 31. Qg6 Kg8 32. Be6+ Rxe6 33. Qxe6+ Kh8 34. b4 Qa4 35. Rxd2 1-0


[Site "https://www.chess.com"]

[Event "Titled Tuesday Blitz June 13 Early 2023"]
[White "Shubenkova, Veronika"]
[Black "Zemlyanskii, Ivan"]
[WhiteFideId "44124040"]
[BlackFideId "24249971"]
[WhiteElo "2060"]
[BlackElo "2421"]
[Result "1-0"]
[Round "7"]
[TimeControl "180+2"]
[Date "2023.06.13"]
[WhiteClock "0:00:10"]
[BlackClock "0:00:00"]
[Board "31"]

1. e4 c5 2. Nc3 e6 3. g3 d5 4. d3 Nc6 5. Bg2 Nf6 6. f4 dxe4 7. Nxe4 Be7 8. Be3 O-O 9. Ne2 Nd5 10. Bf2 b6 11. O-O Bb7 12. a3 Qd7 13. c4 Nf6 14. Qc2 Ng4 15. Rad1 Rad8 16. h3 Nxf2 17. Rxf2 f5 18. N4c3 Bf6 19. Kh2 Kh8 20. Qb1 Nd4 21. Nxd4 Bxd4 22. Re2 Bxg2 23. Rxg2 e5 24. Nd5 exf4 25. gxf4 Qf7 26. Re1 Rfe8 27. Qd1 g6 28. Rge2 Rxe2+ 29. Qxe2 Kg7 30. b4 Rd7 31. bxc5 bxc5 32. Rb1 Rb7 33. Rxb7 Qxb7 34. Qe7+ Qxe7 35. Nxe7 Kf6 36. Nd5+ Ke6 37. Kg3 Kd6 38. Kf3 Kc6 39. h4 Kb7 40. Ne7 Ka6 41. h5 gxh5 42. Nxf5 Bf6 43. Ng3 h4 44. Ne4 Be7 45. Kg4 Ka5 46. f5 Ka4 47. f6 Bf8 48. Kxh4 Kxa3 49. Ng5 Kb3 50. Ne6 Bd6 51. d4 1-0


[Site "https://www.chess.com"]

[Event "Titled Tuesday Blitz June 13 Early 2023"]
[White "Shimanov, Aleksandr"]
[Black "Nazari, Arad"]
[WhiteFideId "4198603"]
[BlackFideId "12577324"]
[WhiteElo "2631"]
[BlackElo "2175"]
[Result "0-1"]
[Round "7"]
[TimeControl "180+2"]
[Date "2023.06.13"]
[WhiteClock "0:00:00"]
[BlackClock "0:00:13"]
[Board "32"]

1. Nf3 c5 2. a3 Nc6 3. c4 g6 4. Nc3 Bg7 5. Rb1 a5 6. g3 e5 7. d3 Nge7 8. Bg2 O-O 9. Nd2 d6 10. Nf1 Be6 11. Ne3 Qd7 12. Ned5 Rab8 13. O-O Bh3 14. Bd2 Bxg2 15. Kxg2 Nxd5 16. Nxd5 b5 17. e4 Rb7 18. Bc3 b4 19. axb4 axb4 20. Bd2 f5 21. f3 Nd4 22. Be3 Ne6 23. Bd2 f4 24. g4 Bf6 25. Be1 Qd8 26. Ra1 Bh4 27. Bxh4 Qxh4 28. Ra6 Rd8 29. Qe1 Qxe1 30. Rxe1 Nd4 31. Rea1 Nc2 32. R1a5 Ne1+ 33. Kf1 Nxd3 34. Ra7 Rdb8 35. b3 Nc1 36. Ne7+ Kf7 37. Nc6 Nxb3 38. R5a6 Kg8 39. Nxb8 Rxb8 40. Rxd6 Nd4 41. Rdd7 Nxf3 42. Rg7+ Kf8 43. Rxh7 Kg8 44. Rag7+ Kf8 45. Rxg6 Nd2+ 46. Ke2 Nxe4 47. h4 Ra8 48. Rb6 Kg8 49. Rc7 Ra2+ 50. Kf3 Nd2+ 51. Kg2 Nxc4+ 0-1


[Site "https://www.chess.com"]

[Event "Titled Tuesday Blitz June 13 Early 2023"]
[White "Henriquez Villagra, Cristobal"]
[Black "Ashraf, Artin"]
[WhiteFideId "3409350"]
[BlackFideId "22514805"]
[WhiteElo "2542"]
[BlackElo "2224"]
[Result "0-1"]
[Round "7"]
[TimeControl "180+2"]
[Date "2023.06.13"]
[WhiteClock "0:00:04"]
[BlackClock "0:00:01"]
[Board "33"]

1. d3 d5 2. Nf3 c5 3. e4 d4 4. Be2 Nc6 5. O-O e5 6. Na3 Be7 7. Nc4 Qc7 8. c3 Be6 9. cxd4 cxd4 10. Bd2 Nf6 11. Rc1 Qb8 12. b4 b5 13. Ncxe5 Nxe5 14. Nxd4 O-O 15. Nxe6 fxe6 16. Qb3 Qd6 17. f4 Nc4 18. Be1 Ne3 19. Rf3 Nfg4 20. h3 Rac8 21. Qb1 Rxc1 22. Qxc1 Qb6 23. hxg4 Nxg4+ 24. Kh1 Rf6 25. e5 Rh6+ 26. Rh3 Rxh3+ 27. gxh3 Nf2+ 28. Bxf2 Qxf2 29. Bg4 Kf7 30. a3 g6 31. Qc6 Qf1+ 32. Kh2 Qxf4+ 33. Kg2 Qxe5 34. Bf3 Qb2+ 35. Kg3 Qxa3 36. Qxb5 Bxb4 37. Bg4 Bd6+ 38. Kf3 Qc5 39. Qd7+ Be7 40. Qxe6+ Kf8 41. Qe4 a5 42. Be6 Bf6 43. Qb7 Qe7 44. Qc8+ Kg7 45. Ke4 a4 46. d4 a3 47. Qc4 Qd6 48. d5 Qe5+ 49. Kd3 Qg3+ 50. Kc2 Qf2+ 51. Kd3 a2 52. Qc7+ Kh6 53. Qa7 Qxa7 0-1


[Site "https://www.chess.com"]

[Event "Titled Tuesday Blitz June 13 Early 2023"]
[White "Kucuksari, Kaan"]
[Black "Matlakov, Maxim"]
[WhiteFideId "6380166"]
[BlackFideId "4168003"]
[WhiteElo "2364"]
[BlackElo "2666"]
[Result "0-1"]
[Round "7"]
[TimeControl "180+2"]
[Date "2023.06.13"]
[WhiteClock "0:00:00"]
[BlackClock "0:00:04"]
[Board "34"]

1. d4 d5 2. Nf3 Bf5 3. c4 e6 4. Nc3 Nf6 5. Qb3 Nc6 6. Bg5 Na5 7. Qa4+ c6 8. Bxf6 gxf6 9. cxd5 exd5 10. e3 Bd6 11. Be2 b5 12. Qd1 Nc4 13. Bxc4 dxc4 14. Nh4 Bd3 15. Qf3 Rc8 16. Nf5 Bb4 17. a3 Ba5 18. O-O-O Bxc3 19. bxc3 a5 20. Kd2 h5 21. e4 Kf8 22. Qf4 Ra8 23. g4 b4 24. gxh5 bxc3+ 25. Ke3 Qb8 26. Nd6 Ke7 27. Nf5+ Kf8 28. Qg4 Rg8 29. Qh4 Qb2 30. Rde1 Qd2+ 31. Kf3 Rg5 32. h6 Kg8 33. Rhg1 Kh8 34. Rxg5 Qxg5 35. Qxg5 fxg5 36. e5 Bxf5 37. Rc1 c2 0-1


[Site "https://www.chess.com"]

[Event "Titled Tuesday Blitz June 13 Early 2023"]
[White "Ivanchuk, Vasyl"]
[Black "Darini, Pouria"]
[WhiteFideId "14100010"]
[BlackFideId "12502200"]
[WhiteElo "2710"]
[BlackElo "2482"]
[Result "0-1"]
[Round "7"]
[TimeControl "180+2"]
[Date "2023.06.13"]
[WhiteClock "0:01:12"]
[BlackClock "0:00:09"]
[Board "35"]

1. c4 e5 2. Nc3 Bb4 3. Qc2 Nf6 4. Nf3 Bxc3 5. Qxc3 d6 6. d3 O-O 7. g3 c5 8. Bg2 h6 9. b4 cxb4 10. Qxb4 Nc6 11. Qa3 Be6 12. Bb2 Qd7 13. O-O Bh3 14. Bxh3 Qxh3 15. Qxd6 Ng4 16. Qd7 Rad8 17. Qxb7 Rd6 18. Rfd1 Rfd8 19. Qb3 Rf6 20. Rd2 e4 21. dxe4 Rxd2 22. Bxf6 gxf6 23. Re1 Nd4 0-1


[Site "https://www.chess.com"]

[Event "Titled Tuesday Blitz June 13 Early 2023"]
[White "Tari, Aryan"]
[Black "Souleidis, Georgios"]
[WhiteFideId "1510045"]
[BlackFideId "4206827"]
[WhiteElo "2586"]
[BlackElo "2401"]
[Result "1-0"]
[Round "7"]
[TimeControl "180+2"]
[Date "2023.06.13"]
[WhiteClock "0:00:08"]
[BlackClock "0:00:00"]
[Board "36"]

1. d4 Nf6 2. Nf3 g6 3. Bf4 Bg7 4. e3 O-O 5. Be2 d6 6. h3 Nfd7 7. Bh2 e5 8. O-O Nc6 9. c3 Kh8 10. a4 f5 11. a5 e4 12. Nfd2 Ne7 13. c4 Nf6 14. Nc3 g5 15. a6 b6 16. c5 Ng6 17. cxd6 cxd6 18. Rc1 d5 19. f3 f4 20. fxe4 fxe3 21. Nf3 Nxe4 22. Nxe4 dxe4 23. Ne5 Nxe5 24. Bxe5 Bxe5 25. dxe5 Be6 26. Qxd8 Raxd8 27. Rc6 Rxf1+ 28. Kxf1 Bb3 29. Rc7 Rd2 30. Rxa7 Rxb2 31. Rb7 Rb1+ 32. Bd1 Bxd1 33. Kg1 1-0


[Site "https://www.chess.com"]

[Event "Titled Tuesday Blitz June 13 Early 2023"]
[White "Bharath Subramaniyam H"]
[Black "Sadykov, Ramil"]
[WhiteFideId "46634827"]
[BlackFideId "24113590"]
[WhiteElo "2400"]
[BlackElo "2245"]
[Result "1-0"]
[Round "7"]
[TimeControl "180+2"]
[Date "2023.06.13"]
[WhiteClock "0:01:05"]
[BlackClock "0:00:01"]
[Board "37"]

1. b3 c5 2. Bb2 Nc6 3. Nf3 Nf6 4. e3 d5 5. Bb5 Bd7 6. c4 a6 7. Bxc6 Bxc6 8. Ne5 Rc8 9. O-O e6 10. d3 Be7 11. Nd2 O-O 12. Qe2 b6 13. Nxc6 Rxc6 14. Rad1 Qd7 15. f4 Rd8 16. Nf3 Rcc8 17. Ne5 Qb7 18. g4 Nd7 19. Nf3 b5 20. cxd5 Qxd5 21. e4 Qc6 22. Rc1 Qb6 23. Kg2 Nb8 24. f5 Nd7 25. Qe3 f6 26. h4 Qd6 27. g5 exf5 28. exf5 Bf8 29. Qe6+ Kh8 30. h5 Re8 31. Qxd6 Bxd6 32. h6 Re2+ 33. Rf2 Rce8 34. Rg1 Kg8 35. gxf6 Rxf2+ 36. Kxf2 g6 37. fxg6 hxg6 38. Rxg6+ Kf7 39. Rg7+ Ke6 40. Ng5+ Kf5 41. Rxd7 1-0


[Site "https://www.chess.com"]

[Event "Titled Tuesday Blitz June 13 Early 2023"]
[White "Talibov, Shiroghlan"]
[Black "Veiga, Jose Francisco R P Neves"]
[WhiteFideId "13429078"]
[BlackFideId "1930087"]
[WhiteElo "2274"]
[BlackElo "2319"]
[Result "1-0"]
[Round "7"]
[TimeControl "180+2"]
[Date "2023.06.13"]
[WhiteClock "0:00:06"]
[BlackClock "0:00:06"]
[Board "38"]

1. d4 Nf6 2. c4 e6 3. Nf3 d5 4. Bg5 Be7 5. e3 O-O 6. Nc3 h6 7. Bxf6 Bxf6 8. Qc2 c5 9. dxc5 Qa5 10. cxd5 exd5 11. Bd3 Nc6 12. O-O Qxc5 13. a3 Bg4 14. Ne4 Qe7 15. Nxf6+ Qxf6 16. Nd2 d4 17. e4 Rac8 18. f4 Nb4 19. Qb3 Nxd3 20. Qxd3 Qb6 21. Nc4 Qb5 22. b3 Be6 23. Rfc1 Rc6 24. Rc2 Rfc8 25. Rac1 Bxc4 26. Rxc4 Rxc4 27. Rxc4 Rxc4 28. Qxc4 Qb6 29. Kf1 Qf6 30. Qc8+ Kh7 31. Qf5+ Qxf5 32. exf5 g6 33. f6 g5 34. f5 g4 35. h4 gxh3 36. gxh3 h5 37. h4 Kg8 38. Ke2 Kf8 39. Kd3 Ke8 40. Kxd4 Kd8 41. Ke5 Kd7 42. Kd5 b6 43. a4 a5 44. Ke4 Kd6 45. Kd4 Kd7 46. Kd5 Kc7 47. Ke5 Kd7 48. Kf4 Kd6 49. Kg5 Ke5 50. Kxh5 Kxf5 51. Kh6 Kxf6 52. h5 Ke6 53. Kg7 f5 54. h6 f4 55. h7 f3 56. h8=Q Ke5 57. Qe8+ Kf4 58. Qf7+ Kg3 59. Qg6+ Kf2 60. Qxb6+ Kg2 61. Qg6+ Kf1 62. Qd3+ Kg1 63. Qxf3 1-0


[Site "https://www.chess.com"]

[Event "Titled Tuesday Blitz June 13 Early 2023"]
[White "Agibileg, Uurtsaikh"]
[Black "Vignesh N R"]
[WhiteFideId "4901606"]
[BlackFideId "25012215"]
[WhiteElo "2353"]
[BlackElo "2415"]
[Result "1-0"]
[Round "7"]
[TimeControl "180+2"]
[Date "2023.06.13"]
[WhiteClock "0:02:26"]
[BlackClock "0:00:25"]
[Board "39"]

1. d4 Nf6 2. c4 e6 3. Nc3 Bb4 4. f3 c5 5. a3 Bxc3+ 6. bxc3 O-O 7. e4 d6 8. Bd3 Nc6 9. Ne2 e5 10. O-O Re8 11. Bg5 h6 12. Bh4 g5 13. Bf2 b6 14. f4 exf4 15. Nxf4 Nxe4 16. Nd5 Nf6 17. Bg3 Re6 18. Qf3 Kg7 19. Nxf6 1-0


[Site "https://www.chess.com"]

[Event "Titled Tuesday Blitz June 13 Early 2023"]
[White "Kashlinskaya, Alina"]
[Black "Kosakowski, Jakub"]
[WhiteFideId "4198026"]
[BlackFideId "1185080"]
[WhiteElo "2383"]
[BlackElo "2488"]
[Result "1-0"]
[Round "7"]
[TimeControl "180+2"]
[Date "2023.06.13"]
[WhiteClock "0:00:11"]
[BlackClock "0:00:02"]
[Board "40"]

1. Nf3 Nf6 2. g3 g6 3. Bg2 Bg7 4. O-O O-O 5. c4 c6 6. d4 d5 7. Qb3 dxc4 8. Qxc4 Bf5 9. Nc3 Ne4 10. Nh4 Be6 11. Qd3 Nxc3 12. bxc3 Nd7 13. f4 Nb6 14. f5 Bc4 15. Qc2 e5 16. dxe5 Bxe5 17. Bh6 Re8 18. Rad1 Qc7 19. Rf2 Nd5 20. fxg6 fxg6 21. Qa4 b5 22. Qc2 Nxc3 23. Rdf1 Nxe2+ 24. Kh1 Bxg3 25. Rf6 Bxh4 26. Rxg6+ hxg6 27. Qxg6+ Kh8 28. Bc1 Nd4 29. Bb2 c5 30. Qh5+ Qh7 31. Qxc5 Bxf1 32. Qxd4+ Kg8 33. Bd5+ Kf8 34. Qf4+ Ke7 35. Ba3+ Kd7 36. Qd6+ Kc8 37. Qc6+ Kd8 38. Qxa8+ Kd7 39. Qc6+ Kd8 40. Qa8+ Kd7 41. Qb7+ Kd8 42. Qxh7 Be7 43. Bxe7+ Rxe7 44. Qg8+ Kc7 45. Qg3+ Kd7 46. Qg4+ Kc7 47. Qf4+ Kd7 48. Qxf1 1-0


[Site "https://www.chess.com"]

[Event "Titled Tuesday Blitz June 13 Early 2023"]
[White "Harutjunyan, Gevorg"]
[Black "Vlassov, Nikolai"]
[WhiteFideId "13300873"]
[BlackFideId "4103360"]
[WhiteElo "2474"]
[BlackElo "2324"]
[Result "0-1"]
[Round "7"]
[TimeControl "180+2"]
[Date "2023.06.13"]
[WhiteClock "0:00:00"]
[BlackClock "0:00:05"]
[Board "41"]

1. e4 Nc6 2. Nc3 Nf6 3. Nf3 d5 4. e5 Ne4 5. Ne2 Bg4 6. d4 e6 7. c3 f6 8. exf6 Qxf6 9. Ng3 Bd6 10. Be2 O-O-O 11. Nxe4 dxe4 12. Nd2 e3 13. Ne4 exf2+ 14. Nxf2 Bxe2 15. Qxe2 e5 16. Ne4 Qh4+ 17. g3 Qh3 18. Ng5 Qd7 19. d5 Ne7 20. Ne6 Nxd5 21. Nxd8 Rxd8 22. Be3 Qc6 23. O-O-O Nxc3 24. bxc3 Qxc3+ 25. Kb1 Qb4+ 26. Kc1 Qc3+ 27. Kb1 Qb4+ 28. Qb2 Qe4+ 29. Qc2 Qxe3 30. Rhe1 Qb6+ 31. Qb2 Qa5 32. Re4 Qc5 33. a4 Rf8 34. Rc1 Qa5 35. Rec4 Rf3 0-1


[Site "https://www.chess.com"]

[Event "Titled Tuesday Blitz June 13 Early 2023"]
[White "Beerdsen, Thomas"]
[Black "Haug, Havard"]
[WhiteFideId "1030108"]
[BlackFideId "1547887"]
[WhiteElo "2553"]
[BlackElo "2396"]
[Result "0-1"]
[Round "7"]
[TimeControl "180+2"]
[Date "2023.06.13"]
[WhiteClock "0:00:58"]
[BlackClock "0:00:11"]
[Board "42"]

1. a4 e5 2. Ra3 Bxa3 3. Nxa3 Nf6 4. b3 O-O 5. Bb2 Nc6 6. e3 d5 7. Nf3 Re8 8. Bb5 d4 9. O-O Bd7 10. Nc4 e4 11. Bxc6 Bxc6 12. Nxd4 Bd5 13. Nf5 Qd7 14. Nxg7 Kxg7 15. Qh5 h6 16. Ne5 Rxe5 17. Qxe5 Qe6 18. Qf4 Rg8 19. c4 Bc6 20. b4 Kg6 21. b5 Bd7 22. f3 Qf5 23. Qxc7 exf3 24. Rxf3 Qb1+ 25. Rf1 Qxb2 26. c5 Qxd2 27. c6 bxc6 28. bxc6 Qxe3+ 29. Kh1 Be6 30. h3 Ne4 31. Kh2 Kh7 32. Rxf7+ Bxf7 33. Qxf7+ Kh8 34. Qf1 Qg3+ 35. Kg1 Ng5 36. Qf6+ Kh7 37. Qf5+ Kg7 38. c7 Qxc7 39. h4 Qf7 40. Qe5+ Qf6 41. Qc7+ Nf7 42. g3 Kh7 43. Kh2 Qg6 44. Kh1 Rg7 45. h5 Qxg3 46. Qc2+ Kh8 47. Qc8+ Rg8 48. Qc3+ Qxc3 0-1


[Site "https://www.chess.com"]

[Event "Titled Tuesday Blitz June 13 Early 2023"]
[White "Horvath, Dominik"]
[Black "Chernobay, Artem"]
[WhiteFideId "1642561"]
[BlackFideId "4167406"]
[WhiteElo "2407"]
[BlackElo "2474"]
[Result "1-0"]
[Round "7"]
[TimeControl "180+2"]
[Date "2023.06.13"]
[WhiteClock "0:00:54"]
[BlackClock "0:00:00"]
[Board "43"]

1. e4 e6 2. Qe2 c5 3. Kd1 Nc6 4. Qe1 g6 5. Nf3 Bg7 6. c3 Nge7 7. Na3 O-O 8. Nc2 e5 9. c4 d6 10. d3 f5 11. Bg5 h6 12. Bxe7 Qxe7 13. h4 a6 14. Ne3 b5 15. h5 f4 16. Nd5 Qf7 17. hxg6 Qxg6 18. Nb6 Rb8 19. Nxc8 Rfxc8 20. b3 a5 21. Nh4 Qf6 22. Nf5 a4 23. cxb5 Rxb5 24. d4 Rb4 25. Bc4+ Rxc4 26. bxc4 cxd4 27. Qe2 Ne7 28. Rxh6 Bxh6 29. Nxe7+ Qxe7 30. Qg4+ Kh7 31. Qxc8 Qh4 32. Qf5+ Kh8 33. Rb1 Qh1+ 34. Kc2 d3+ 35. Kb2 a3+ 36. Ka1 1-0


[Site "https://www.chess.com"]

[Event "Titled Tuesday Blitz June 13 Early 2023"]
[White "Stribuk, Artiom"]
[Black "Kvaloy, Aksel Bu"]
[WhiteFideId "13515659"]
[BlackFideId "1528815"]
[WhiteElo "2303"]
[BlackElo "2318"]
[Result "1-0"]
[Round "7"]
[TimeControl "180+2"]
[Date "2023.06.13"]
[WhiteClock "0:00:32"]
[BlackClock "0:00:42"]
[Board "44"]

1. d4 Nf6 2. c4 e6 3. g3 d5 4. Bg2 dxc4 5. Nf3 c6 6. Ne5 Bb4+ 7. Nc3 Nd5 8. O-O Nxc3 9. bxc3 Bxc3 10. Ba3 Qxd4 11. Qxd4 Bxd4 12. Nxc4 Bxa1 13. Rxa1 f6 14. Nd6+ Kd7 15. Rd1 Kc7 16. Nf7 Rg8 17. Bd6+ Kb6 18. Rb1+ Ka6 19. Be4 e5 20. Bxh7 Re8 21. Bd3+ b5 22. a4 Bd7 23. Be4 Be6 24. axb5+ cxb5 25. Bc7 b4 26. Nd6 Nc6 27. Bd3+ 1-0


[Site "https://www.chess.com"]

[Event "Titled Tuesday Blitz June 13 Early 2023"]
[White "Bryakin, Mikhail"]
[Black "Ezat, Mohamed"]
[WhiteFideId "4165314"]
[BlackFideId "10600906"]
[WhiteElo "2464"]
[BlackElo "2372"]
[Result "0-1"]
[Round "7"]
[TimeControl "180+2"]
[Date "2023.06.13"]
[WhiteClock "0:00:00"]
[BlackClock "0:00:15"]
[Board "45"]

1. Nf3 Nf6 2. d4 g6 3. g3 Bg7 4. Bg2 O-O 5. O-O d6 6. b3 Nc6 7. Bb2 e5 8. dxe5 Nd7 9. c4 a5 10. Nc3 Ndxe5 11. Qd2 a4 12. Nxe5 Nxe5 13. Nd5 Re8 14. h3 c6 15. Ne3 Qb6 16. b4 a3 17. Bc3 Be6 18. Rac1 Rad8 19. Rfd1 h5 20. Kh1 h4 21. g4 Bh6 22. Bxe5 dxe5 23. Qc3 Rd4 24. Qxa3 Red8 25. c5 Qc7 26. Qa4 Qd7 27. Rxd4 exd4 28. Rd1 Qe7 29. Nc2 Qf6 30. Kg1 Bc4 31. Bf1 d3 32. exd3 Bd5 33. Bg2 Bf3 34. Re1 Rxd3 35. Ne3 Bxe3 36. Rxe3 Rd1+ 37. Bf1 Qa1 38. Re8+ Kg7 39. Qxd1 Qxd1 40. Re3 Bd5 41. f3 Bc4 0-1


[Site "https://www.chess.com"]

[Event "Titled Tuesday Blitz June 13 Early 2023"]
[White "Ibadov, Dashgyn"]
[Black "Mahdavi, Reza"]
[WhiteFideId "24107514"]
[BlackFideId "12595926"]
[WhiteElo "2208"]
[BlackElo "2395"]
[Result "1-0"]
[Round "7"]
[TimeControl "180+2"]
[Date "2023.06.13"]
[WhiteClock "0:00:03"]
[BlackClock "0:00:04"]
[Board "46"]

1. e4 c5 2. Nf3 d6 3. d4 cxd4 4. Nxd4 Nf6 5. Nc3 a6 6. Bg5 Nbd7 7. Qe2 h6 8. Bh4 g6 9. f4 e5 10. fxe5 dxe5 11. O-O-O Qc7 12. Nb3 b5 13. Rxd7 Nxd7 14. Nd5 Qb8 15. Bf6 Nxf6 16. Nxf6+ Kd8 17. Qd2+ Qd6 18. Nd5 Be7 19. Qa5+ Ke8 20. Bxb5+ Kf8 21. Bc4 Be6 22. Kb1 Kg7 23. Rd1 Bd8 24. Qe1 Rc8 25. Qe2 h5 26. Bxa6 Ra8 27. Bb7 Rb8 28. Qa6 Qxa6 29. Bxa6 Bg5 30. c4 f5 31. Nc5 Bf7 32. Bb5 Rhd8 33. a4 Be7 34. b4 Bxc5 35. bxc5 Rdc8 36. exf5 Rxc5 37. fxg6 Bxg6+ 38. Ka2 Bf7 39. Kb3 e4 40. Kb4 Rcc8 41. a5 Rd8 42. a6 Bxd5 43. cxd5 Kf6 44. Kc5 Rdc8+ 45. Bc6 Ke5 46. a7 Rb2 47. a8=Q Rc2+ 48. Kb6 Rb2+ 49. Kc5 Rc2+ 50. Kb4 Rxa8 51. Bxa8 e3 52. Re1 Kd4 53. d6 Rb2+ 54. Ka3 Rb6 55. d7 Ra6+ 56. Kb4 Rxa8 57. d8=Q+ Rxd8 58. Rd1+ 1-0


[Site "https://www.chess.com"]

[Event "Titled Tuesday Blitz June 13 Early 2023"]
[White "robertoalejandro10"]
[Black "Gadimbayli, Abdulla"]
[BlackFideId "13404938"]
[WhiteElo "2612"]
[BlackElo "2386"]
[Result "0-1"]
[Round "7"]
[TimeControl "180+2"]
[Date "2023.06.13"]
[WhiteClock "0:00:05"]
[BlackClock "0:00:18"]
[Board "47"]

1. Nf3 d5 2. b3 c5 3. Bb2 f6 4. e3 e5 5. Bb5+ Bd7 6. Nxe5 fxe5 7. Qh5+ Ke7 8. Qxe5+ Be6 9. Qg5+ Nf6 10. d4 Kf7 11. Nd2 Nc6 12. O-O-O c4 13. bxc4 a6 14. cxd5 Nxd5 15. Qxd8 Rxd8 16. Bc4 Nf6 17. Bb3 Bxb3 18. axb3 Be7 19. c4 b5 20. d5 Na5 21. Kc2 bxc4 22. bxc4 Rc8 23. Kd3 Bb4 24. Bc3 Bxc3 25. Kxc3 Nxd5+ 26. Kd3 Nf6 27. Ra1 Rhd8+ 28. Ke2 Nxc4 29. Nxc4 Rxc4 30. Rxa6 Rc2+ 31. Kf3 Rdd2 32. Rf1 Kg6 33. h3 h5 34. g4 h4 35. Ra5 Nh7 36. Ke4 Ng5+ 37. Ke5 Rxf2 38. Rxf2 Rxf2 39. Ra6+ Kh7 40. Ra7 Nxh3 41. Kd4 Ng5 42. e4 h3 43. Ra1 h2 44. Rh1 Rg2 45. Ke3 Kg6 46. Kf4 Ra2 47. Kg3 Nxe4+ 48. Kh4 Kh6 49. g5+ Nxg5 50. Kg4 Kg6 51. Kh4 Ra8 52. Kg4 Rh8 53. Rxh2 Rxh2 0-1


[Site "https://www.chess.com"]